 Dungeon Crawl Stone Soup version 0.26-a0-540-g8a0c9464d7 (webtiles) character file.

Game seed: 12587050192414189807

58 Lanoc the Poker (level 4, 0/37 HPs)
             Began as a Merfolk Fighter on Aug 21, 2020.
             Succumbed to an orc's poison
             ... on level 2 of the Dungeon.
             The game lasted 00:01:44 (920 turns).

Lanoc the Poker (Merfolk Fighter)                    Turns: 920, Time: 00:01:45

Health: 0/37       AC:  6    Str: 20 (22) XL:     4   Next: 2%
Magic:  4/4        EV: 23    Int:  4 (7)  God:
Gold:   33         SH:  9    Dex: 12 (14) Spells: 3/3 levels left

rFire    . . .     SeeInvis .   a - +0 trident
rCold    . . .     Faith    .   c - +0 kite shield
rNeg     . . .     Spirit   .   b - +0 scale mail
rPois    .         Reflect  .   (no helmet)
rElec    .         Harm     .   (no cloak)
rCorr    .                      (no gloves)
MR       .....                  (no boots)
Stlth    ..........             h - amulet of the acrobat
HPRegen  0.12/turn              m - +6 ring of strength
MPRegen  0.09/turn              (no ring)

@: lethally poisoned (0 -> -10), acrobat, hasted, very quick
A: change form in water, swift swim, stealthy swim
a: no special abilities


You were on level 2 of the Dungeon.
You visited 1 branch of the dungeon, and saw 3 of its levels.

You collected 33 gold pieces.

Inventory:

Hand Weapons
 a - a +0 trident (weapon)
Armour
 b - a +0 scale mail (worn)
 c - a +0 kite shield (worn)
Jewellery
 h - an amulet of the acrobat (around neck)
 m - a +6 ring of strength (left hand)
Scrolls
 f - 2 scrolls of teleportation {unknown}
 i - a scroll of blinking {unknown}
 j - a scroll of remove curse {unknown}
 l - a scroll of enchant weapon {unknown}
Potions
 d - a potion of might


   Skills:
 + Level 3.7 Fighting
 * Level 4.3 Polearms
 + Level 2.4 Armour
 + Level 1.6 Dodging
 + Level 3.3 Shields


You had 3 spell levels left.
You didn't know any spells.
Your spell library was empty.

Dungeon Overview and Level Annotations

Branches:
Dungeon (3/15)

Altars:


Message History

The hobgoblin hits you but does no damage.
You puncture the hobgoblin!
You kill the hobgoblin!
* * * LOW HITPOINT WARNING * * *
You feel sick.
* * * LOW HITPOINT WARNING * * *
You feel sick.
* * * LOW HITPOINT WARNING * * *
You feel sick.
* * * LOW HITPOINT WARNING * * *
You feel sick.
* * * LOW HITPOINT WARNING * * *
You feel sick.
* * * LOW HITPOINT WARNING * * *
You feel sick.
You open the door.
* * * LOW HITPOINT WARNING * * *
You feel sick.
There is an open door here.
You die...

#.#......# ... #
#>#......#######
#.#.#.#......#
#.#..†#.##...###
#..............#
####...........#
# #...........# #
#
#....####...###.#
# ##'#.#
#...'@..# # #...#
#...##### # #.#
##### # # # # # #


There were no monsters in sight!

Vanquished Creatures
  An adder (D:2)
  A worm (D:2)
  2 dart slugs
  3 leopard geckos (D:2)
  3 orcs (D:3)
  A giant cockroach (D:2)
  5 goblins
  6 hobgoblins
  2 jackals (D:2)
  3 kobolds (D:2)
  A quokka (D:3)
  3 bats (D:2)
  2 rats (D:2)
33 creatures vanquished.

Notes
Turn   | Place    | Note
-------+----------+-------------------------------------------
     0 | D:1      | Lanoc the Merfolk Fighter began the quest for the Orb.
     0 | D:1      | Reached XP level 1. HP: 18/18 MP: 1/1
   131 | D:2      | Reached XP level 2. HP: 12/24 MP: 2/2
   332 | D:2      | Reached skill level 1 in Dodging
   614 | D:2      | Reached XP level 3. HP: 19/29 MP: 3/3
   756 | D:2      | Reached skill level 4 in Polearms
   902 | D:3      | Reached XP level 4. HP: 19/37 MP: 4/4
   918 | D:2      | HP: 1/37 [poisoned by an orc]
   920 | D:2      | Succumbed to an orc's poison

Illustrated notes

Levels and vault maps discovered:
D:1:      dpeg_arrival_connections, layout_basic
D:2:      minmay_recursive_quarters, layout_basic, uniq_crazy_yiuf_cottage,
          uniq_terence
D:3:      layout_loops_ring, supply_closet_lemuel

Skill      XL: |  1  2  3 |
---------------+----------+-----
Dodging        | 1 |  1.6
Polearms       | 4 |  4.3
Fighting       | |  3.7
Armour         | |  2.4
Shields        | |  3.3

Action                   |  1- 3 |  4- 6 || total
-------------------------+-------+-------++-------
Melee: Trident           |   131 |     2 ||   133
  Use: Potion            |     3 |       ||     3
Armor: Scale mail        |    43 |     1 ||    44
Dodge: Dodged            |    31 |     3 ||    34
Block: Kite shield       |    66 |       ||    66

Table legend: (Time is in decaauts)
 A = Elapsed time spent in this place.
 B = Non-inter-level travel time spent in this place.
 C = Inter-level travel time spent in this place.
 D = Time resting spent in this place.
 E = Time spent auto-exploring this place.
 F = Levels seen in this place.
 G = Mean time per level.
                   A        B        C        D        E       F      G
               +--------+--------+--------+--------+--------+-----+--------+
         Total |    938 |    921 |     17 |      0 |    679 |   3 |  312.7 |
       Dungeon |    938 |    921 |     17 |      0 |    679 |   3 |  312.7 |
               +--------+--------+--------+--------+--------+-----+--------+

Top non-repeatable levels by time:
     D:2: 880 daAuts
     D:3: 47 daAuts
     D:1: 11 daAuts
